 Dungeon Crawl Stone Soup version 0.27-a0-263-gc8dee61f84 (webtiles) character file.

Game seed: 7632511083280148827

81 scarywalker64 the Digger (level 4, 0/35 HPs)
             Began as a Demigod Earth Elementalist on Feb 5, 2021.
             Killed by nerve-wracking pain
             ... invoked by Grinder
              (14 damage)
             ... on level 3 of the Dungeon.
             The game lasted 00:05:14 (2669 turns).

scarywalker64 the Digger (DgEE)                     Turns: 2669, Time: 00:05:15

Health: 0/35       AC:  2    Str: 13    XL:     4   Next: 0%
Magic:  5/10       EV: 12    Int: 19    God:
Gold:   113        SH:  0    Dex: 16    Spells: 6/7 levels left

rFire    . . .     SeeInvis .   o - +0 war axe
rCold    . . .     Faith    .   (no shield)
rNeg     . . .     Spirit   .   c - +0 robe
rPois    .         Reflect  .   (no helmet)
rElec    .         Harm     .   (no cloak)
rCorr    .         Rampage  .   (no gloves)
Will     .....                  (no boots)
Stlth    ++........             (no amulet)
HPRegen  0.11/turn              (no ring)
MPRegen  0.12/turn              (no ring)

@: no status effects
A: high mp 1
a: no special abilities


You were on level 3 of the Dungeon.
You visited 1 branch of the dungeon, and saw 3 of its levels.

You collected 113 gold pieces.

Inventory:

Hand Weapons
 o - a +0 war axe (weapon)
Missiles
 a - 23 bolts
 b - 44 stones
Armour
 c - a +0 robe (worn)
Scrolls
 d - 2 scrolls of blinking
 f - a scroll of enchant weapon
 k - a scroll of remove curse


   Skills:
 * Level 1.5 Fighting
 + Level 2.0 Dodging
 - Level 1.7 Stealth
 * Level 2.3 Spellcasting
 + Level 0.8 Transmutations
 * Level 3.6 Earth Magic


You had 6 spell levels left.
You knew the following spells:

 Your Spells              Type           Power        Failure   Level
a - Sandblast             Erth           32%          3%          1

Your spell library contained the following spells:

 Spells                   Type           Power        Failure   Level
 Passwall                 Tmut/Erth      8%           10%         2
 Stone Arrow              Conj/Erth      18%          22%         3
 Petrify                  Tmut/Erth      10%          54%         4
 Lee's Rapid Deconstruct  Erth           8%           69%         5


Dungeon Overview and Level Annotations

Branches:
Dungeon (3/15)

Annotations:
D:3 Grinder


Innate Abilities, Weirdness & Mutations

You have an increased reservoir of magic. (+10% MP)


Message History

Aiming: Sandblast (safe; 3% risk of failure)
Press: ? - help, Q - select action, (/) - cycle Shift-Dir - straight line, f/p - Grinder
Aim: Grinder (heavily wounded, 23% to evade)
The blast of sand misses Grinder.
The blast of sand hits the rat!
You kill the rat!
Grinder closely misses you.
Aiming: Sandblast (safe; 3% risk of failure)
Press: ? - help, Q - select action, (/) - cycle Shift-Dir - straight line, f/p - Grinder
Aim: Grinder (heavily wounded, 23% to evade)
The blast of sand hits Grinder.
Grinder is severely wounded.
Grinder gestures at you.
You barely resist.
Aiming: Sandblast (safe; 3% risk of failure)
Press: ? - help, Q - select action, (/) - cycle Shift-Dir - straight line, f/p - Grinder
Aim: Grinder (severely wounded, 23% to evade)
The blast of sand misses Grinder.
Grinder gestures at you. Pain shoots through your body!
You die...

#.# #.. #.# #.# #.# #.#
#.# #.# #.# #.# ..
######.#########.###....
......).)...............
######.#########.##.....
#.# #@# ... #.# #5# .
######.####### #.#
.............. ..#
.............. ...
######.#########..
#........ ...
########### #...
#........#


You could see Grinder.

Vanquished Creatures
  2 adders
  2 worms (D:2)
  A dart slug (D:2)
  4 leopard geckos
  2 orcs (D:3)
  8 bats
  2 giant cockroaches
  4 goblins
  8 hobgoblins
  4 frilled lizards
  7 kobolds
  7 rats
51 creatures vanquished.

Notes
Turn   | Place    | Note
-------+----------+-------------------------------------------
     0 | D:1      | scarywalker64 the Demigod Earth Elementalist began the
                  | quest for the Orb.
     0 | D:1      | Reached XP level 1. HP: 14/14 MP: 5/5
   158 | D:1      | Reached skill level 3 in Earth Magic
   258 | D:1      | Reached XP level 2. HP: 22/22 MP: 5/7
   704 | D:1      | Reached skill level 1 in Fighting
  1367 | D:2      | Reached XP level 3. HP: 28/28 MP: 5/8
  1697 | D:2      | Found a shimmering altar of Xom.
  2565 | D:3      | Reached XP level 4. HP: 25/35 MP: 10/10
  2657 | D:3      | Noticed Grinder
  2661 | D:3      | Paralysed by Grinder for 5 turns
  2669 | D:3      | Killed from afar by Grinder

Illustrated notes

Levels and vault maps discovered:
D:1:      dpeg_arrival_arbitrary_c, layout_basic, minmay_tripent
D:2:      layout_loops_ring, old_standard_altar, minmay_pentomino_q2
D:3:      layout_basic, lemuel_crystal_altar, portal_sewer_entry_c,
          uniq_crazy_yiuf_cottage, uniq_ijyb, uniq_terence, uniq_grinder

Skill      XL: |  1  2 |
---------------+-------+-----
Earth Magic    | 3 |  3.6
Dodging        | 2 |  2.0
Fighting       | 1 |  1.5
Spellcasting   | 2 |  2.3
Stealth        | |  1.7
Transmutations | |  0.8

Action                   |  1- 3 |  4- 6 || total
-------------------------+-------+-------++-------
Melee: Unarmed           |    22 |       ||    22
       War axe           |    18 |       ||    18
       Short sword       |     8 |       ||     8
 Cast: Sandblast         |    57 |     6 ||    63
  Use: Scroll            |     7 |       ||     7
       Potion            |     5 |       ||     5
 Stab: Invisible         |     1 |       ||     1
Armor: Robe              |     4 |       ||     4
       Chain mail        |    33 |       ||    33
       Skin              |     3 |       ||     3
Dodge: Dodged            |    45 |     1 ||    46

Table legend: (Time is in decaauts)
 A = Elapsed time spent in this place.
 B = Non-inter-level travel time spent in this place.
 C = Inter-level travel time spent in this place.
 D = Time resting spent in this place.
 E = Time spent auto-exploring this place.
 F = Levels seen in this place.
 G = Mean time per level.
                   A        B        C        D        E       F      G
               +--------+--------+--------+--------+--------+-----+--------+
         Total |   2659 |   2574 |     85 |    127 |   2072 |   3 |  886.3 |
       Dungeon |   2659 |   2574 |     85 |    127 |   2072 |   3 |  886.3 |
               +--------+--------+--------+--------+--------+-----+--------+

Top non-repeatable levels by time:
     D:1: 1175 daAuts
     D:2: 920 daAuts
     D:3: 564 daAuts
